 Dungeon Crawl Stone Soup version 0.23.0 (webtiles) character file.

Game seed: 16556118085957555797

22 Ge0ff the Skirmisher (level 2, -5/20 HPs)
             Began as a Gargoyle Wanderer on Feb 13, 2019.
             Killed from afar by Natasha (8 damage)
             ... with a wand of flame (11)
             ... on level 2 of the Dungeon.
             The game lasted 00:02:04 (648 turns).

Ge0ff the Skirmisher (Gargoyle Wanderer)             Turns: 648, Time: 00:02:05

Health: -5/20      AC:  8    Str: 14    XL:     2   Next: 91%
Magic:  2/2        EV: 10    Int: 12    God:
Gold:   39         SH:  0    Dex: 10    Spells: 1/1 levels left

rFire    . . .     SeeInvis .   a - +0 hand crossbow
rCold    . . .     Gourm    .   (no shield)
rNeg     + . .     Faith    .   b - +0 ring mail
rPois    ∞         Spirit   .   (no helmet)
rElec    +         Reflect  .   (no cloak)
rCorr    .         Harm     .   (no gloves)
MR       .....                  (no boots)
Stlth    +.........             (no amulet)
HPRegen  0.06/turn              (no ring)
MPRegen  0.08/turn              (no ring)

@: very slightly contaminated, slowed, invisible, very slow
A: negative energy resistance 1, electricity resistance, unbreathing,
petrification resistance, rot immunity, AC +2
a: no special abilities


You were on level 2 of the Dungeon.
You were not hungry.

You visited 1 branch of the dungeon, and saw 2 of its levels.

You collected 39 gold pieces.

Inventory:

Hand Weapons
 a - a +0 hand crossbow (weapon)
Missiles
 p - a stone
 s - 30 bolts (quivered)
Armour
 b - a +0 ring mail (worn)
Wands
 d - a wand of digging (4)
 m - a wand of flame (15)
Scrolls
 t - a scroll of noise {unknown}
 u - 2 scrolls of amnesia {unknown}
Potions
 n - a potion of magic {unknown}
 o - a potion of heal wounds {unknown}
 q - a potion of haste {unknown}
 v - a potion of curing {unknown}
Comestibles
 f - 3 rations


   Skills:
 - Level 4.3 Fighting
 - Level 1.0 Crossbows
 - Level 2.1 Armour
 - Level 1.0 Dodging
 - Level 1.1 Stealth
 * Level 2.4 Unarmed Combat
 - Level 1.0 Evocations


You had one spell level left.
You didn't know any spells.
Your spell library was empty.

Dungeon Overview and Level Annotations

Branches:
Dungeon (2/15)

Altars:
Elyvilon

Annotations:
D:2 Natasha


Innate Abilities, Weirdness & Mutations

You are resistant to torment.
Your stone body is resilient. (AC +2)
You are immune to poison.
You resist negative energy. (rN+)
You are resistant to electric shocks. (rElec)
You can survive without breathing.
You are immune to petrification.
You are immune to rotting.


Message History

The adder bites you but does no damage.
Natasha stares at you and mumbles some strange words.
The magic dart hits you.
* * * LOW HITPOINT WARNING * * *
It was a potion of invisibility.
You fade into invisibility!
The adder barely misses you.
You are very lightly contaminated with residual magic.
Natasha casts a spell at you.
You feel yourself slow down.
Firing (i - inventory. (/) - cycle)
s - 31 bolts (quivered)
Press: ? - help, Shift-Dir - straight line, f/p - Natasha
Aim: Natasha, carrying a wand of flame (11) (almost dead)
You shoot a bolt. The bolt completely misses the adder.
The bolt hits Natasha but does no damage.
Natasha is almost dead.
The adder bites you but does no damage. The adder closely misses you.
Natasha zaps a wand.
The puff of flame hits you!
You die...

....⌠.....⌠....####....
#.....................
#.#.#.#.#.#.#..####...
#..............# #((
............#†.###(#
##....)......#..##(####.(#
#...............h...(.#
#...........#...S####....
##..........#.#@## .
##...#...#.#.#.#
#########...#.# ###....
?.... #..... ..... ..##...


You could see Natasha and an adder.

Vanquished Creatures
  A dart slug (D:1)
  A giant cockroach (D:1)
  4 goblins
  A hobgoblin (D:2)
  3 jackals (D:2)
  A ball python (D:1)
  3 bats
  2 frilled lizards (D:1)
  2 kobolds (D:1)
  A rat (D:2)
19 creatures vanquished.

Notes
Turn   | Place    | Note
-------+----------+-------------------------------------------
     0 | D:1      | Ge0ff the Gargoyle Wanderer began the quest for the Orb.
     0 | D:1      | Ge0ff set off with the following items: a +0 ring mail, a
                  | +0 hand crossbow, 22 bolts, a ration, a wand of flame (15)
     0 | D:1      | Reached XP level 1. HP: 16/16 MP: 1/1
   105 | D:1      | Reached skill level 1 in Unarmed Combat
   285 | D:1      | Reached XP level 2. HP: 20/20 MP: 2/2
   483 | D:2      | Found a white marble altar of Elyvilon.
   640 | D:2      | Noticed Natasha
   648 | D:2      | Killed from afar by Natasha

Skill      XL: |  1  2 |
---------------+-------+-----
Unarmed Combat | 1 2 |  2.4
Fighting       | |  4.3
Crossbows      | |  1.0
Armour         | |  2.1
Dodging        | |  1.0
Stealth        | |  1.1
Evocations     | |  1.0

Action                   || total
-------------------------++-------
 Fire: Hand crossbow     ||    44
  Use: Potion            ||     1
Armor: Ring mail         ||     9
Dodge: Dodged            ||    19

Levels and vault maps discovered:
D:1:      saegor_arrival_miasma, layout_rooms
D:2:      layout_rooms, lemuel_round_altar, elyvilon_altar_5, uniq_natasha,
          uniq_robin
